AoeStats
← YeomaN8162

Arena

504233456Analyzed
1v1 RM · 28d ago on Sep 4, 2026· 42m 17s· 2 players
Game mode
Random Map
Map size
Tiny (2 player)
Population
200
Speed
Normal
Resources
Standard
Victory
Conquest
Starting age
Dark Age
Ending age
Imperial Age
RankedLock teamsTeams togetherTeam positionsShared explorationLock speedFull tech treeHidden civsTurbo modeCheats
Victory
Defeat
🇬🇧 Chinese · United Kingdom
1376
+13
🇩🇪 Burmese · Germany
1305
-13
²³
10:32 Feudal Age
15:27 Castle Age
13:37 Horse Collar
16:21 Wheelbarrow
16:50 Fervor
16:31 Loom
16:34 Town Watch
21:11 Elite Skirmisher
24:23 Padded Archer Armor
27:14 Fletching
30:45 Light Cavalry
31:36 Bloodlines
31:26 Husbandry
31:26 Bodkin Arrow
34:35 Imperial Age
31:48 Light Cavalry
YeomaN8162
0:26 Loom
11:27 Feudal Age
16:19 Castle Age
14:58 Padded Archer Armor
15:50 Stone Mining
17:05 Double-Bit Axe
26:38 Wheelbarrow
28:15 Fletching
28:41 Leather Archer Armor
30:24 Bodkin Arrow
32:52 Horse Collar
37:31 Hand Cart
42:09 Imperial Age
Connection lost

Rejoining the realm…

Still unreachable

The connection could not be restored.

Session expired

The server has moved on; the page needs a fresh start.